 Dungeon Crawl Stone Soup version 0.28-a0-1493-g08698888e4 (webtiles) character file.

Game seed: 3676350476297355023

77 Hasart the Ruffian (level 3, -4/28 HPs)
             Began as a Demigod Transmuter on Jan 12, 2022.
             Slain by a hobgoblin (7 damage)
             ... led by Robin
             ... on level 2 of the Dungeon.
             The game lasted 00:02:29 (2247 turns).

Hasart the Ruffian (Demigod Transmuter)             Turns: 2247, Time: 00:02:30

Health: -4/28      AC:  2    Str: 15    XL:     3   Next: 91%
Magic:  5/8        EV: 12    Int: 15    God:
Gold:   39         SH:  0    Dex: 14    Spells: 3/6 levels left

rFire   . . .      SeeInvis .     - Unarmed
rCold   . . .      Faith    .   (no shield)
rNeg    . . .      Spirit   .   a - +0 robe
rPois   .          Reflect  .   (helmet currently unavailable)
rElec   .          Harm     .   (no cloak)
rCorr   .          Rampage  .   (no gloves)
Will    .....                   (boots currently unavailable)
Stlth   +.........              (no amulet)
HPRegen 0.09/turn               (no ring)
MPRegen 0.11/turn               (no ring)

@: appendages, wereblooded
A: horns 2, talons 2, high mp 1, forlorn, divine attributes
a: End Transformation


You were on level 2 of the Dungeon.
You had temporarily grown beastly horns and talons.
You visited 1 branch of the dungeon, and saw 2 of its levels.

You collected 39 gold pieces.

Inventory:

Missiles
 b - 6 curare-tipped darts
 c - 5 boomerangs (quivered)
Armour
 a - a +0 robe (worn)
Scrolls
 d - 2 scrolls of identify {unknown}
 f - a scroll of teleportation {unknown}
Potions
 e - a potion of might {unknown}
 g - a potion of heal wounds {unknown}
 h - 3 potions of brilliance {unknown}


   Skills:
 + Level 1.4 Fighting
 + Level 0.8 Throwing
 + Level 2.1 Dodging
 * Level 3.5 Unarmed Combat
 + Level 2.0 Spellcasting
 + Level 2.2 Transmutations


You had 3 spell levels left.
You knew the following spells:

 Your Spells              Type           Power      Damage    Failure   Level
a - Beastly Appendage     Tmut           16%        N/A       9%          1
b - Wereblood             Tmut           8%         N/A       13%         2

Your spell library contained the following spells:

 Spells                   Type           Power      Damage    Failure   Level
 Spider Form              Tmut/Pois      4%         N/A       38%         3
 Ice Form                 Ice/Tmut       4%         N/A       80%         4


Dungeon Overview and Level Annotations

Branches:
Dungeon (2/15)

Annotations:
D:2 Robin


Innate Abilities, Weirdness & Mutations

You have temporarily grown beastly horns and talons.
You have an increased reservoir of magic. (+10% MP)
You shall have no god before yourself.
Your divine heritage dramatically boosts your attributes as you level up.


Message History

Unknown command.
Casting: Beastly Appendage (safe; 9% risk of failure)
Confirm with . or Enter, or press ? or * to list all spells.
Your blood is infused with primal strength.
The goblin completely misses you. The goblin hits you with a +0 club.
The goblin misses you.
Robin roars a battlecry!
The goblins go into a battle-frenzy!
You hear a shout!
You closely miss the goblin. Your kick misses the goblin.
The hobgoblin closely misses you. The goblin hits you with a +0 dagger.
The goblin hits you but does no damage. The hobgoblin hits you.
Unknown command.
You hit the goblin.
The goblin is heavily wounded.
The goblin hits you with a +0 dagger. The hobgoblin misses you.
The goblin hits you with a +0 dagger.
* * * LOW HITPOINT WARNING * * *
The hobgoblin barely misses you. The goblin hits you with a +0 club.
* * * LOW HITPOINT WARNING * * *
You hit the goblin.
You feel a bit better.
You kill the goblin!
The goblin hits you with a +0 dagger.
* * * LOW HITPOINT WARNING * * *
The hobgoblin hits you but does no damage.
The hobgoblin misses you. The goblin misses you.
Unknown command.
You hit the goblin.
You feel a bit better.
You kill the goblin!
A goblin comes into view. It is wielding a +0 dagger.
Robin roars a battlecry!
The hobgoblin goes into a battle-frenzy!
The hobgoblin closely misses you.
Unknown command.
You hit the hobgoblin. Your kick misses the hobgoblin.
The hobgoblin is severely wounded.
The hobgoblin hits you.
* * * LOW HITPOINT WARNING * * *
The hobgoblin hits you!
You die...

#.# #.# ## #.# .# #.#
.. #.# ##. #.# .. .
#.# g# .#.# #†#
##g#..g## #.#
##@.g..... #.#
##)gg...###
#.##########.......#
#.....................
############.......###
##.....## ##...##
#####


You could see Robin, 2 hobgoblins and 3 goblins.

Vanquished Creatures
  2 adders (D:2)
  4 dart slugs
  2 orcs (D:2)
  3 ball pythons
  3 endoplasms
  4 giant cockroaches
  8 goblins
  3 hobgoblins
  2 jackals (D:1)
  2 bats (D:2)
  4 frilled lizards
  6 kobolds
  3 rats
46 creatures vanquished.

Notes
Turn   | Place    | Note
-------+----------+-------------------------------------------
     0 | D:1      | Hasart the Demigod Transmuter began the quest for the Orb.
     0 | D:1      | Reached XP level 1. HP: 15/15 MP: 5/5
   293 | D:1      | Reached skill level 1 in Fighting
   591 | D:1      | Reached XP level 2. HP: 23/23 MP: 5/7
   597 | D:1      | Reached skill level 3 in Unarmed Combat
   742 | D:1      | Learned a level 2 spell: Wereblood
  1357 | D:1      | Reached XP level 3. HP: 28/28 MP: 8/8
  2238 | D:2      | Noticed Robin
  2247 | D:2      | Slain by a hobgoblin

Illustrated notes

Levels and vault maps discovered:
D:1:      lemuel_arrival_cross, layout_loops_ring, basic_ecumenical_altar
D:2:      layout_loops_ring, kennysheep_generic_room_14, uniq_sigmund,
          uniq_robin

Skill      XL: |  1  2 |
---------------+-------+-----
Fighting       | 1 |  1.4
Unarmed Combat | 3 |  3.5
Dodging        | 2 |  2.1
Transmutations | 2 |  2.2
Spellcasting   | 2 |  2.0
Throwing       | |  0.8

Action                   || total
-------------------------++-------
Melee: Unarmed           ||   125
       Kick              ||     9
       Headbutt          ||     5
Throw: Boomerang         ||     1
 Cast: Beastly Appendage ||    14
       Wereblood         ||     3
 Stab: Sleeping          ||     4
Armor: Robe              ||    20
Dodge: Dodged            ||    68

Table legend: (Time is in decaauts)
 A = Elapsed time spent in this place.
 B = Non-inter-level travel time spent in this place.
 C = Inter-level travel time spent in this place.
 D = Time resting spent in this place.
 E = Time spent auto-exploring this place.
 F = Levels seen in this place.
 G = Mean time per level.
                   A        B        C        D        E       F      G
               +--------+--------+--------+--------+--------+-----+--------+
         Total |   2240 |   2219 |     21 |      0 |   1882 |   2 | 1120.0 |
       Dungeon |   2240 |   2219 |     21 |      0 |   1882 |   2 | 1120.0 |
               +--------+--------+--------+--------+--------+-----+--------+

Top non-repeatable levels by time:
     D:1: 1606 daAuts
     D:2: 633 daAuts
